[Event "Team 45 45 League T32"]
[Site "Internet Chess Club"]
[Date "2007.02.10"]
[Round "4"]
[White "cazj"]
[Black "fuzzface"]
[Result "1-0"]
[WhiteElo "1396"]
[BlackElo "1291"]
[ECO "C50"]
[TimeControl "2700+45"]

1. e4 e5 2. Nf3 Nc6 3. Bc4 h6 4. d3 Nf6 5. Be3 Ng4 6. Qe2 d6 7. c3 Na5 8. Nbd2
Nxc4 9. Nxc4 Be7 10. d4 Nxe3 11. Qxe3 Bg5 12. Nxg5 Qxg5 13. Qxg5 hxg5 14. O-O
exd4 15. cxd4 O-O 16. Rac1 b5 17. Nd2 Ba6 18. Rxc7 b4 19. Rfc1 Rfe8 20. Nf3 f6
21. R1c6 Be2 22. Rxd6 Bxf3 23. gxf3 Red8 24. Rxd8+ Rxd8 25. Rxa7 Rxd4 26. a4 b3
27. a5 Ra4 28. Kg2 Ra2 29. Kg3 Rxb2 30. Rb7 Rb1 31. a6 b2 32. a7 Rg1+ 33. Kh3
g4+ 34. fxg4 Kh7 35. a8=Q b1=Q 36. Rxb1 Rxb1 37. e5 Rb3+ 38. f3 Re3 39. exf6
gxf6 40. Qd5 Re5 41. Qf7+ {Black resigns} 1-0

[Event "Team 45 45 League T32"]
[Site "Internet Chess Club"]
[Date "2007.02.11"]
[Round "4"]
[White "klt713"]
[Black "seldredg"]
[Result "1/2-1/2"]
[WhiteElo "1282"]
[BlackElo "1275"]
[ECO "A80"]
[TimeControl "2700+45"]

1. d4 f5 2. Nc3 d5 3. Nf3 Nf6 4. Ne5 e6 5. e3 a6 6. Be2 Be7 7. O-O O-O 8. f4 Qe8
9. Bf3 Ne4 10. Nxe4 dxe4 11. Be2 Rf6 12. b3 Nc6 13. Bb2 Nxe5 14. dxe5 Rh6 15. c4
c5 16. Qc2 Bd7 17. Qc3 b5 18. cxb5 Bxb5 19. Bxb5 axb5 20. g3 Qh5 21. Rf2 Rd8 22.
Rd2 Rd3 23. Qc2 Rxe3 24. Rad1 Qe8 25. Rf1 c4 26. bxc4 Bc5 27. Bd4 Bxd4 28. Rxd4
Rd3 29. Rxd3 exd3 30. Qxd3 bxc4 31. Qxc4 Rg6 32. Rd1 h5 33. h4 Rxg3+ 34. Kh2 Qg6
35. Rd2 Kh7 36. a4 Qg4 37. Qf1 Rf3 38. Rf2 Qg3+ 39. Kh1 Qxh4+ 40. Kg1 Qg3+ 41.
Qg2 Qxg2+ 42. Kxg2 Ra3 43. Rd2 Rxa4 44. Rd6 Rxf4 45. Rxe6 Rg4+ 46. Kh3 f4 47.
Re8 Rg6 48. e6 f3 49. e7 Re6 50. Kg3 h4+ 51. Kxf3 g5 52. Kg4 Kg6 53. Rg8+ Kf7
54. e8=Q+ Rxe8 55. Rxg5 Re4+ 56. Kh3 Kf6 57. Rg4 Kf5 58. Rxe4 Kxe4 59. Kxh4
{Game drawn because neither player has mating material} 1/2-1/2

[Event "Team 45 45 League T32"]
[Site "Internet Chess Club"]
[Date "2007.02.12"]
[Round "4"]
[White "BarryNL"]
[Black "Fogbound"]
[Result "1/2-1/2"]
[WhiteElo "1460"]
[BlackElo "1423"]
[ECO "B00"]
[TimeControl "2700+45"]

1. e4 Nc6 2. Nf3 d6 3. Nc3 Bg4 4. Be2 e5 5. d3 Nf6 6. Be3 Be7 7. Qd2 h6 8. d4
Bxf3 9. gxf3 a6 10. O-O-O b5 11. Rhg1 exd4 12. Bxd4 Nxd4 13. Qxd4 c5 14. Qd2 Nh5
15. Kb1 Bg5 16. Qxd6 Qxd6 17. Rxd6 Nf4 18. Bf1 Rd8 19. Rxa6 O-O 20. Bxb5 Rd2 21.
Rg4 Rxf2 22. h4 Rh2 23. a3 Rxh4 24. Rxh4 Bxh4 25. Rc6 Bf2 26. Bc4 h5 27. Rd6 h4
28. Rd1 Bd4 29. Ne2 Nxe2 30. Bxe2 Rb8 31. b3 Rb6 32. Rh1 Rh6 33. a4 Bf2 34. a5
Rc6 35. a6 Rc7 36. Kb2 Ra7 37. Kc3 g5 38. Kc4 Rxa6 39. Kd5 Ra2 40. Bd3 Ra8 41.
Ke5 Re8+ 42. Kf5 Bg3 43. Kxg5 Re5+ 44. Kg4 Re6 {Game drawn by mutual agreement}
1/2-1/2

[Event "Team 45 45 League T32"]
[Site "Internet Chess Club"]
[Date "2007.02.10"]
[Round "4"]
[White "ffplayer"]
[Black "thalamus"]
[Result "1-0"]
[WhiteElo "1179"]
[BlackElo "1289"]
[ECO "C80"]
[TimeControl "2700+45"]

1. e4 e5 2. Nf3 Nc6 3. Bb5 a6 4. Ba4 Nf6 5. O-O Nxe4 6. Bxc6 dxc6 7. Re1 Nc5 8.
Rxe5+ Be7 9. Re1 O-O 10. d4 Ne6 11. c3 b6 12. h3 Bb7 13. Be3 Re8 14. Nbd2 h6 15.
Ne5 Ng5 16. h4 Ne6 17. h5 c5 18. Nef3 Qd5 19. dxc5 b5 20. b3 Qc6 21. c4 Ng5 22.
Bxg5 Bxg5 23. cxb5 axb5 24. Rxe8+ Rxe8 25. Rc1 Rd8 26. Rc2 Bf4 27. b4 g5 28.
hxg6 fxg6 29. Rb2 g5 30. Qb3+ Kf8 31. Nf1 g4 32. N1h2 Bxh2+ 33. Kxh2 gxf3 34. g3
h5 35. Qc3 Ke7 36. Qe5+ Kd7 37. Rd2+ Kc8 38. Qf5+ Qd7 39. Rxd7 Rxd7 40. Qxh5 Bc6
41. g4 Rd2 42. Kg3 Rxa2 43. g5 Re2 44. g6 Re7 45. Qh6 Re6 46. Qf8+ Kb7 47. Qf5
Re8 48. Qf6 Bd5 49. g7 Re1 50. Kf4 Re4+ 51. Kg5 Re8 52. Kf5 Be4+ 53. Kf4 Bd5 54.
Qf8 Re4+ 55. Kf5 Rxb4 56. c6+ Kxc6 57. Qxb4 Bg8 58. Qe4+ Bd5 59. Qxd5+ {Black
resigns} 1-0

[Event "Team 45 45 League T32"]
[Site "Internet Chess Club"]
[Date "2007.02.11"]
[Round "4"]
[White "A-Pedajas"]
[Black "SeanT"]
[Result "1-0"]
[WhiteElo "1434"]
[BlackElo "1411"]
[ECO "C50"]
[TimeControl "2700+45"]

1. e4 e5 2. Nf3 Nc6 3. Bc4 h6 4. d4 exd4 5. Nxd4 Qe7 6. Nc3 Nxd4 7. Qxd4 c5 8.
Qd3 Nf6 9. O-O Qe5 10. f4 Qh5 11. Nb5 Rb8 12. Nxa7 Be7 13. e5 Nh7 14. Bb5 O-O
15. Nxc8 Rbxc8 16. Qxd7 Bh4 17. g3 Rfd8 18. Qh3 g5 19. gxh4 g4 20. Qe3 Qxh4 21.
e6 Rc7 22. f5 Re7 23. exf7+ Kxf7 24. Bc4+ Kg7 25. f6+ Nxf6 26. Qxe7+ {Black
resigns} 1-0

[Event "Team 45 45 League T32"]
[Site "Internet Chess Club"]
[Date "2007.02.09"]
[Round "4"]
[White "LittleBunny"]
[Black "Just-Jim"]
[Result "0-1"]
[WhiteElo "1296"]
[BlackElo "1477"]
[ECO "C50"]
[TimeControl "2700+45"]

1. e4 e5 2. Nf3 Nc6 3. Bc4 h6 4. a3 Bc5 5. O-O Nf6 6. Nc3 d6 7. h3 Kf8 8. d3 Nh5
9. Kh1 Nf4 10. Bxf4 exf4 11. Qd2 g5 12. Rae1 Rh7 13. d4 Na5 14. Ba2 Bb6 15. Qd3
Rg7 16. e5 g4 17. Nh2 gxh3 18. g3 fxg3 19. fxg3 Qg5 20. Rf4 Bd7 21. Qf3 Kg8 22.
Ne4 Bc6 23. b4 Rf8 24. Kg1 Bxd4+ 25. Kf1 Bxe5 26. Qg4 Bxf4 27. gxf4 Qxg4 28.
Nxg4 Bxe4 29. Rxe4 Rxg4 {White resigns} 0-1

[Event "Team 45 45 League T32"]
[Site "Internet Chess Club"]
[Date "2007.02.12"]
[Round "4"]
[White "dcuprill"]
[Black "hotzoddy"]
[Result "0-1"]
[WhiteElo "1200"]
[BlackElo "1283"]
[ECO "C00"]
[TimeControl "2700+45"]

1. e4 e6 2. Nf3 d5 3. exd5 exd5 4. Qe2+ Be7 5. d4 Nf6 6. Bd2 O-O 7. Nc3 Re8 8.
O-O-O b6 9. Be3 Bb7 10. h3 Nbd7 11. g4 a5 12. Bg2 Ne4 13. Nxe4 dxe4 14. Nd2 Bg5
15. Bxg5 Qxg5 16. Kb1 Nf6 17. h4 Qxg4 18. Qxg4 Nxg4 19. Rdf1 Rab8 20. Bh3 Nf6
21. Rhg1 c5 22. Bf5 cxd4 23. Re1 e3 24. fxe3 dxe3 25. Nf3 Bxf3 26. Rg3 Bg4 27.
Bxg4 Nxg4 28. Rxg4 Rb7 29. Rd4 Rbe7 30. Re2 Re4 31. Rd7 Rxh4 32. a3 b5 33. Rxe3
Rh1+ 34. Ka2 Kf8 35. Rxe8+ Kxe8 36. Rb7 Rh5 37. Rb8+ Ke7 38. Rb7+ Kf6 39. Rb6+
Ke7 40. Rb7+ Kf8 41. Rb8+ Ke7 42. Rb7+ Kd6 43. Rxf7 g5 44. Rg7 h6 45. Rg6+ Kc5
46. Ra6 a4 47. b3 axb3+ 48. Kxb3 Rh3+ 49. Kb2 g4 50. Rg6 h5 51. Rg5+ Kc4 52. Rg8
Kc5 53. Rc8+ Kb6 54. Rb8+ Kc6 55. Rc8+ Kb7 56. Rg8 Kc6 57. Rc8+ Kd5 58. Rd8+ Kc4
59. Rc8+ Kd5 60. Rd8+ Kc6 61. Rc8+ Kb6 62. Rb8+ Ka6 63. Ra8+ Kb7 64. Ra5 Kc6 65.
Ra6+ Kc5 66. Rg6 g3 67. Rg5+ Kc4 {White resigns} 0-1

[Event "Team 45 45 League T32"]
[Site "Internet Chess Club"]
[Date "2007.02.07"]
[Round "4"]
[White "wellfred"]
[Black "peterts"]
[Result "1/2-1/2"]
[WhiteElo "1186"]
[BlackElo "1004"]
[ECO "C44"]
[TimeControl "2700+45"]

1. e4 e5 2. Nf3 Nc6 3. d4 Nxd4 4. Nxd4 exd4 5. Qxd4 c5 6. Qd1 Nf6 7. Nc3 a6 8.
Bg5 Be7 9. h3 O-O 10. Bd3 b5 11. O-O Bb7 12. Re1 Qc7 13. Bh4 Rfe8 14. Bg3 Bd6
15. Bxd6 Qxd6 16. a3 c4 17. Be2 Nxe4 18. Qxd6 Nxd6 19. Rad1 Ne4 20. Rxd7 Bc6 21.
Rd4 Nxc3 22. bxc3 Rad8 23. Rxd8 Rxd8 24. Kf1 Rd2 25. Rc1 Be4 26. Ke1 Rxc2 27.
Rd1 g6 28. f3 Bd3 29. Bxd3 cxd3 30. Rxd3 Rxg2 31. f4 Rh2 32. Rf3 Rh1+ 33. Kd2
Ra1 34. Kc2 Rxa3 35. Kb2 Ra4 36. Kb3 Rc4 37. h4 a5 38. Ka3 h5 39. f5 gxf5 40.
Rxf5 Rxc3+ 41. Kb2 Ra3 42. Kxa3 b4+ 43. Ka4 Kg7 44. Rxh5 Kg6 45. Rxa5 f5 46.
Kxb4 f4 47. Rg5+ Kf6 48. Rg1 Kf5 49. Kc3 f3 50. Kd2 Kf4 51. Rf1 Kg3 52. h5 Kg2
53. Rxf3 Kxf3 54. h6 Kf4 55. h7 Kf3 56. h8=Q Kf4 57. Qe8 Kg4 58. Qe4+ Kg5 59.
Ke3 Kf6 60. Qe8 Kg5 61. Kf3 Kf5 62. Qe4+ Kf6 63. Kf4 Kf7 64. Kf5 Kg7 65. Qe7+
Kg8 66. Kf6 Kh8 67. Qf8+ Kh7 68. Kf5 {Black stalemated} 1/2-1/2

[Event "Team 45 45 League T32"]
[Site "Internet Chess Club"]
[Date "2007.02.10"]
[Round "4"]
[White "Budzo"]
[Black "AAWegerif"]
[Result "0-1"]
[WhiteElo "1767"]
[BlackElo "1808"]
[ECO "E12"]
[TimeControl "2700+45"]

1. Nf3 Nf6 2. c4 e6 3. d4 b6 4. Nc3 Bb4 5. a3 Bxc3+ 6. bxc3 Bb7 7. Bg5 d6 8. e3
Nbd7 9. Bd3 O-O 10. O-O e5 11. Nd2 h6 12. Bxf6 Nxf6 13. d5 c6 14. e4 Nd7 15. f4
f5 16. exf5 cxd5 17. cxd5 Nc5 18. Qc2 Bxd5 19. Bc4 Bxc4 20. Nxc4 e4 21. Ne3 Qc7
22. Rad1 Nd3 23. Rxd3 exd3 24. Qxd3 Qc5 25. Rd1 Rae8 26. Qc4+ Kh8 27. Qxc5 dxc5
28. Nc4 Re4 29. Nd6 Rxf4 30. Nb5 a6 31. Nc7 R8xf5 32. Nxa6 Ra4 33. Nc7 Rxa3 34.
Ne6 g5 35. Rd8+ Kh7 36. Rd7+ Kg6 37. Rd1 Rxc3 38. g4 Rf6 39. Nc7 Rcf3 40. Ne8
Rc6 41. Rd7 Rf7 42. Rd1 Re7 {White resigns} 0-1

[Event "Team 45 45 League T32"]
[Site "Internet Chess Club"]
[Date "2007.02.09"]
[Round "4"]
[White "GolfSuper"]
[Black "Kinglord"]
[Result "0-1"]
[WhiteElo "1508"]
[BlackElo "1671"]
[ECO "C00"]
[TimeControl "2700+45"]

1. e4 e6 2. d3 d5 3. Nd2 d4 4. Ngf3 c5 5. g3 Nc6 6. Bg2 e5 7. O-O Bg4 8. Re1 Be7
9. Nf1 h5 10. h3 Be6 11. c3 Qd7 12. h4 f6 13. cxd4 cxd4 14. a3 g5 15. b4 Bg4 16.
N1h2 Be6 17. hxg5 fxg5 18. Nxg5 Bxg5 19. Bxg5 Qg7 20. Qd2 Nh6 21. Bh4 Ne7 22.
Rac1 Ng6 23. Qg5 Nf7 24. Rc7 Nxg5 25. Rxg7 Nxh4 26. Rxg5 Nxg2 27. Kxg2 Rc8 28.
Rxe5 Kf7 29. Rc5 b6 30. Rcc1 Rc3 31. Rxc3 dxc3 32. Rc1 Rc8 33. Nf3 Kf6 34. Nd4
Bd7 35. Ne2 c2 36. f4 Bb5 37. e5+ Kf7 38. Kf2 Bxd3 39. Ke3 Rd8 40. Nd4 Bh7 41.
Nxc2 Rd3+ 42. Ke2 Rxg3 43. Ne3 h4 44. Rc7+ Kg8 45. Kf2 Be4 46. e6 Kf8 47. e7+
Ke8 48. Nc4 Rf3+ 49. Ke2 Rd3 50. Rxa7 h3 51. Nd2 Rxd2+ 52. Kxd2 h2 53. Rc7 h1=Q
{White resigns} 0-1

[Event "Team 45 45 League T32"]
[Site "Internet Chess Club"]
[Date "2007.02.09"]
[Round "4"]
[White "Mutaant"]
[Black "strudel"]
[Result "1-0"]
[WhiteElo "1479"]
[BlackElo "1458"]
[ECO "C50"]
[TimeControl "2700+45"]

1. e4 e5 2. Nf3 Nc6 3. Bc4 Be7 4. Nc3 Nf6 5. d3 O-O 6. Nd5 d6 7. h3 Bd7 8. O-O
Na5 9. Ne3 Nxc4 10. Nxc4 Kh8 11. b3 Nh5 12. Nfxe5 dxe5 13. Qxh5 f6 14. f4 Bc5+
15. Kh1 Bd4 16. Bb2 Bxb2 17. Nxb2 exf4 18. Rxf4 Be8 19. Qf3 Bc6 20. Rf1 b5 21.
Nd1 Rf7 22. Ne3 Qe7 23. Rf2 Raf8 24. Nf5 Qd8 25. Qe3 Qb8 26. Qc5 Bd7 27. Ne7 Qb6
28. Qxb6 axb6 29. Nd5 Bc8 30. e5 Rd8 31. exf6 g6 32. Nc3 c6 33. Re2 Bf5 34. g4
Bc8 35. Re7 Kg8 36. Rxf7 Kxf7 37. Kh2 Be6 38. g5 Bf5 39. Ne2 c5 40. a3 Ra8 41.
a4 bxa4 42. Rxa4 Rxa4 43. bxa4 Bd7 44. Nc3 Be6 45. Kg3 c4 46. d4 Bf5 47. Nd5
Bxc2 48. Nxb6 Bd3 49. Nd5 Be4 50. Nc3 Bf5 51. a5 Bc8 52. h4 h6 53. Kf4 h5 54.
Ke5 Bb7 55. Kd6 {Black resigns} 1-0

[Event "Team 45 45 League T32"]
[Site "Internet Chess Club"]
[Date "2007.02.13"]
[Round "4"]
[White "PawnSensei"]
[Black "PaleMorningDun"]
[Result "1-0"]
[WhiteElo "1345"]
[BlackElo "1537"]
[ECO "B01"]
[TimeControl "2700+45"]

1. e4 d5 2. exd5 Nf6 3. d4 Bg4 4. Be2 Bxe2 5. Qxe2 Qxd5 6. Nf3 Nc6 7. c4 Qf5 8.
O-O O-O-O 9. Be3 e6 10. Nc3 Bb4 11. Rac1 Rhe8 12. a3 Bxc3 13. Rxc3 Rd7 14. b4
Ne4 15. Rd3 h6 16. b5 Na5 17. Qc2 Ng5 18. Nxg5 hxg5 19. c5 Red8 20. Qc3 b6 21.
cxb6 axb6 22. Rc1 Qxb5 23. Qc2 Kb7 24. a4 Qd5 25. Rb1 c6 26. Bd2 Ka6 27. Bxa5
Qxa5 28. Qc4+ b5 29. Qxc6+ Ka7 30. axb5 Rc7 31. b6+ Kb8 32. Qxc7+ {Black
forfeits on time} 1-0

[Event "Team 45 45 League T32"]
[Site "Internet Chess Club"]
[Date "2007.02.09"]
[Round "4"]
[White "jlowe"]
[Black "Ernie1"]
[Result "1-0"]
[WhiteElo "1605"]
[BlackElo "1667"]
[ECO "B15"]
[TimeControl "2700+45"]

1. e4 c6 2. d4 d5 3. Nc3 dxe4 4. Nxe4 Nf6 5. Nxf6+ exf6 6. c3 Bd6 7. Bd3 Qe7+ 8.
Ne2 Bg4 9. O-O Nd7 10. Re1 O-O-O 11. f3 Be6 12. Nf4 Nb6 13. Nxe6 fxe6 14. Qe2 e5
15. f4 Rde8 16. fxe5 fxe5 17. Bf4 exf4 18. Qg4+ Kc7 19. Rxe7+ Rxe7 20. c4 c5 21.
b4 h5 22. Qg6 Rh6 23. Qg5 {Black resigns} 1-0

[Event "Team 45 45 League T32"]
[Site "Internet Chess Club"]
[Date "2007.02.11"]
[Round "4"]
[White "Warpdrive"]
[Black "MathWorker"]
[Result "1-0"]
[WhiteElo "1690"]
[BlackElo "1510"]
[ECO "B01"]
[TimeControl "2700+45"]

1. e4 d5 2. exd5 Nf6 3. d4 Bg4 4. Be2 Bxe2 5. Qxe2 Qxd5 6. Nf3 e6 7. c4 Bb4+ 8.
Bd2 Bxd2+ 9. Nbxd2 Qd6 10. O-O O-O 11. Ne4 Qe7 12. Nxf6+ Qxf6 13. Rad1 Nd7 14.
Ne5 Rad8 15. Rfe1 c6 16. a3 Nb6 17. b3 Rfe8 18. Qe3 Nd7 19. c5 Qe7 20. Nc4 Nf6
21. Nd6 Rf8 22. Qf4 Ne8 23. Nc4 Rd5 24. Rd3 Qd8 25. Re5 b5 26. Rxd5 Qxd5 27. Ne3
Qd8 28. Qf3 Qc7 29. Qe2 Nf6 30. Ng4 Nd5 31. Rf3 Nf4 32. Qe5 Qxe5 33. Nxe5 Ne2+
34. Kf1 Nxd4 35. Rd3 Nc2 36. Nxc6 h6 37. Ne7+ Kh7 38. c6 Nxa3 39. c7 {Black
resigns} 1-0

[Event "Team 45 45 League T32"]
[Site "Internet Chess Club"]
[Date "2007.02.08"]
[Round "4"]
[White "Zyme"]
[Black "tryanything"]
[Result "0-1"]
[WhiteElo "1492"]
[BlackElo "1664"]
[ECO "D08"]
[TimeControl "2700+45"]

1. d4 d5 2. c4 e5 3. dxe5 d4 4. Nf3 Nc6 5. e3 Bb4+ 6. Bd2 dxe3 7. fxe3 Nge7 8.
Be2 Bxd2+ 9. Qxd2 O-O 10. Nc3 Qxd2+ 11. Nxd2 Nxe5 12. O-O c6 13. Rad1 Nf5 14.
Kf2 Be6 15. b3 h6 16. Nf3 Ng4+ 17. Kg1 Ngxe3 18. Ne5 Nxf1 19. Rxf1 Rad8 20. Nd3
Nd4 21. Bd1 Nxb3 22. axb3 Rxd3 23. Ne4 b6 24. Bc2 Rd4 25. Rf4 Rfd8 26. Kf2 f5
{White resigns} 0-1

[Event "Team 45 45 League T32"]
[Site "Internet Chess Club"]
[Date "2007.02.10"]
[Round "4"]
[White "FiendAngelical"]
[Black "jharris8000"]
[Result "1-0"]
[WhiteElo "1672"]
[BlackElo "1580"]
[ECO "D66"]
[TimeControl "2700+45"]

1. d4 e6 2. c4 Nf6 3. Nf3 d5 4. Nc3 Be7 5. Bg5 Nbd7 6. e3 O-O 7. Rc1 c6 8. Bd3
dxc4 9. Bxc4 h6 10. Bxf6 Nxf6 11. O-O Re8 12. e4 Bb4 13. Re1 b6 14. a3 Be7 15.
d5 c5 16. d6 Bf8 17. Nb5 Bb7 18. e5 Nd5 19. Bxd5 Bxd5 20. Nc7 f6 21. Nxd5 exd5
22. Qxd5+ Kh8 23. d7 Re7 24. e6 Rb8 25. Nh4 Qc7 26. Rcd1 Rd8 27. Ng6+ Kg8 28.
Nxe7+ Bxe7 29. Rc1 {Black resigns} 1-0

[Event "Team 45 45 League T32"]
[Site "Internet Chess Club"]
[Date "2007.02.09"]
[Round "4"]
[White "Millwright"]
[Black "guyd52"]
[Result "1-0"]
[WhiteElo "1372"]
[BlackElo "1269"]
[ECO "B07"]
[TimeControl "2700+45"]

1. e4 d6 2. d4 g6 3. f4 e6 4. Nf3 Bg7 5. Nc3 Nc6 6. Bb5 Bd7 7. Be3 a6 8. Be2 Nf6
9. Qd2 Ng4 10. Bg1 Qe7 11. O-O-O f5 12. Kb1 fxe4 13. Nxe4 d5 14. Nc5 O-O-O 15.
h3 Nf6 16. Ne5 Be8 17. Qd3 Nd7 18. Nxb7 Nb4 19. Qa3 Kxb7 20. Bxa6+ Nxa6 21. Qxe7
Bf6 22. Qxe6 c6 23. Qxc6+ Kb8 24. Nxd7+ Bxd7 25. Qxf6 Nc7 26. Bh2 Bf5 27. Rde1
h5 28. Re7 Rhf8 29. Qb6+ Ka8 30. Qxc7 Bxc2+ 31. Ka1 {Black resigns} 1-0

[Event "Team 45 45 League T32"]
[Site "Internet Chess Club"]
[Date "2007.02.10"]
[Round "4"]
[White "Traho"]
[Black "schweppz"]
[Result "0-1"]
[WhiteElo "1450"]
[BlackElo "1492"]
[ECO "B01"]
[TimeControl "2700+45"]

1. e4 d5 2. exd5 Nf6 3. Nc3 g6 4. Nf3 Bg7 5. Bb5+ Bd7 6. Bxd7+ Nbxd7 7. O-O O-O
8. Re1 Nb6 9. d3 Nbxd5 10. Nxd5 Nxd5 11. Rb1 Qd7 12. c4 Nb4 13. Qb3 Nxd3 14. Rd1
Nxc1 15. Rxd7 Nxb3 16. axb3 Rac8 17. Rxe7 Rfe8 18. Ree1 Rxe1+ 19. Nxe1 Rd8 20.
Nf3 h6 21. Kf1 Kf8 22. Ke2 Re8+ 23. Kd3 a6 24. Ne1 c5 25. f3 Bf6 26. Nc2 Bg5 27.
b4 Rd8+ 28. Ke2 Rd2+ 29. Ke1 Rxc2 30. bxc5 Rxg2 31. Rd1 Rxh2 32. Rd7 Rxb2 33.
Rc7 a5 34. Rc8+ Kg7 35. Ra8 Bd2+ 36. Kd1 Bc3 37. Kc1 h5 38. Rxa5 Bxa5 39. Kxb2
Kf6 40. Kb3 Ke5 41. Ka4 Bc7 42. Kb5 h4 43. c6 bxc6+ 44. Kxc6 Bd6 45. Kb5 h3 46.
c5 Bxc5 47. Kxc5 Kf4 48. Kd6 h2 49. Ke7 f5 50. Kf6 g5 51. Kg6 h1=Q 52. Kg7 Qxf3
53. Kg6 g4 54. Kf7 g3 55. Kg7 g2 56. Kh8 Kg3 57. Kg8 Qe2 58. Kf7 f4 59. Kg7 f3
60. Kh7 f2 61. Kh8 g1=N 62. Kg7 f1=R 63. Kh6 Nf3 64. Kg6 Qe6+ 65. Kg7 Ng5 66.
Kh8 Rf8+ 67. Kg7 Rg8# {White checkmated} 0-1

[Event "Team 45 45 League T32"]
[Site "Internet Chess Club"]
[Date "2007.02.11"]
[Round "4"]
[White "tmac63"]
[Black "Conjurer"]
[Result "0-1"]
[WhiteElo "1143"]
[BlackElo "1221"]
[ECO "A46"]
[TimeControl "2700+45"]

1. d4 Nf6 2. Nf3 e6 3. Bf4 b6 4. c3 Bb7 5. e3 Be7 6. Be2 d6 7. Nbd2 Nbd7 8. e4
Nxe4 9. O-O O-O 10. Bd3 f5 11. Qb3 Bd5 12. c4 Nxd2 13. Bxd2 Be4 14. Rae1 Bxf3
15. gxf3 Bg5 16. c5 Bxd2 17. Qxe6+ Kh8 18. Re2 Qg5+ 19. Kh1 Rad8 20. Rg1 Qh6 21.
Bxf5 Bf4 22. Qxh6 Bxh6 23. Re4 Rxf5 24. Rge1 g6 25. Re8+ Rxe8 26. Rxe8+ Bf8 27.
Rd8 Rf7 28. Kg2 dxc5 29. dxc5 Nxc5 30. h3 Ne6 31. Ra8 a5 32. a3 Kg7 33. Kg3 Bd6+
34. Kg2 Nf4+ 35. Kg3 Ne2+ 36. Kg4 Rf4+ 37. Kg5 h6# {White checkmated} 0-1

[Event "Team 45 45 League T32"]
[Site "Internet Chess Club"]
[Date "2007.02.10"]
[Round "4"]
[White "WilmaP"]
[Black "therookery"]
[Result "0-1"]
[WhiteElo "1221"]
[BlackElo "1223"]
[ECO "B22"]
[TimeControl "2700+45"]

1. e4 c5 2. c3 d5 3. exd5 Qxd5 4. d4 b6 5. Nf3 e6 6. Be2 Nf6 7. O-O Be7 8. Bg5
O-O 9. c4 Qd6 10. b3 Bb7 11. Nc3 a6 12. a4 h6 13. Bxh6 gxh6 14. Qc2 cxd4 15.
Nxd4 Qxd4 16. Rad1 Be4 17. Nxe4 Qxe4 18. Bd3 Qc6 19. Rfe1 Bb4 20. Re2 Rd8 21.
Qb2 Nbd7 22. Re3 Bc5 23. Rg3+ Kf8 24. Qd2 Ke7 25. Qxh6 Rg8 26. Qh4 Rxg3 27. Qxg3
Rg8 28. Qh3 Ng4 29. Qh4+ Ngf6 30. g3 Qf3 31. Rf1 Qxd3 32. Kg2 Ne5 33. f4 Qe4+
34. Kh3 Nf3 35. Qh6 Qf5+ 36. Kg2 Qc2+ 37. Kxf3 Qd3+ 38. Kg2 Qe2+ 39. Kh3 Qxf1+
40. Kh4 Rg4# {White checkmated} 0-1

[Event "Team 45 45 League T32"]
[Site "Internet Chess Club"]
[Date "2007.02.07"]
[Round "4"]
[White "ChessZak"]
[Black "curtintime"]
[Result "1-0"]
[WhiteElo "1504"]
[BlackElo "1311"]
[ECO "D53"]
[TimeControl "2700+45"]

1. d4 d5 2. c4 e6 3. Nc3 Nf6 4. Bg5 Be7 5. Nf3 Nc6 6. e3 Nd7 7. Bxe7 Nxe7 8.
cxd5 exd5 9. Bd3 Nf6 10. O-O Bf5 11. Bxf5 Nxf5 12. Qb3 Rb8 13. a4 c6 14. Qc2 Nd6
15. b4 a6 16. Rab1 O-O 17. b5 Nc4 18. Qb3 Ne4 19. Nxe4 dxe4 20. Qxc4 exf3 21.
bxc6 fxg2 22. Rfd1 bxc6 23. Qxc6 Rxb1 24. Rxb1 Qa5 25. Kxg2 h5 26. d5 Rd8 27. d6
Qg5+ 28. Kf1 Kh7 29. Qe4+ f5 30. Qe7 Qxe7 31. dxe7 Re8 32. Rb7 Kg6 33. Kg2 Kf7
34. Ra7 Rxe7 35. Rxa6 Re6 36. Rxe6 Kxe6 37. Kf3 g5 38. e4 f4 39. a5 Kd6 40. a6
Kc7 41. e5 Kd7 42. a7 Ke6 43. a8=Q Kf5 44. Qe4+ Ke6 45. Qg6+ Kd5 46. Qxg5 {Black
resigns} 1-0

[Event "Team 45 45 League T32"]
[Site "Internet Chess Club"]
[Date "2007.02.09"]
[Round "4"]
[White "JustinZ"]
[Black "Fidelian"]
[Result "0-1"]
[WhiteElo "1275"]
[BlackElo "1316"]
[ECO "C01"]
[TimeControl "2700+45"]

1. e4 e6 2. d4 c5 3. d5 exd5 4. Qxd5 Nf6 5. Bg5 Qa5+ 6. Qd2 Qb6 7. Qc3 Nxe4 8.
Qe5+ Qe6 9. Qxe6+ dxe6 10. Be3 Be7 11. Bd3 f5 12. Bxe4 fxe4 13. Nc3 O-O 14. Nxe4
b6 15. Nf3 Bb7 16. Neg5 Bxg5 17. Nxg5 Bxg2 18. Rg1 Bd5 19. f3 Nd7 20. Ne4 Rxf3
21. Bh6 g6 22. O-O-O Ne5 23. Ng5 Rf5 24. Rgf1 Nf7 25. Rxf5 gxf5 26. Rg1 Nxh6 27.
Nxe6+ Kh8 28. Nf4 Be4 29. Ne6 Rg8 30. Ng5 Rg7 31. Rg3 Nf7 32. Nxe4 fxe4 33. Rxg7
Kxg7 34. Kd2 Nd6 35. Ke3 Kg6 36. b3 Kg5 37. Kf2 Kg4 38. Kg2 e3 39. Kf1 h5 40.
Ke2 Nf5 {White resigns} 0-1

[Event "Team 45 45 League T32"]
[Site "Internet Chess Club"]
[Date "2007.02.09"]
[Round "4"]
[White "uipawn"]
[Black "Gomer"]
[Result "1-0"]
[WhiteElo "1256"]
[BlackElo "1317"]
[ECO "C46"]
[TimeControl "2700+45"]

1. e4 e5 2. Nf3 Nc6 3. Nc3 Bb4 4. a3 Bxc3 5. bxc3 Nf6 6. d3 d6 7. Bg5 h6 8. Bxf6
Qxf6 9. h3 Be6 10. d4 O-O-O 11. d5 Bd7 12. dxc6 Bxc6 13. Be2 Bxe4 14. O-O Qg6
15. Qb1 Bxc2 16. Qb4 Rhe8 17. Ra2 Be4 18. Rb2 h5 19. Nh4 Qg5 20. g3 Qf6 21. Qxe4
g5 22. Qxb7+ Kd7 23. Bb5+ Ke7 24. Qxc7+ Kf8 25. Bxe8 Rxe8 26. Rb8 gxh4 27. Rxe8+
Kg7 28. Qc8 hxg3 29. Rg8+ Kh6 30. fxg3 Qe7 31. Rh8+ Kg7 32. Qg8# {Black
checkmated} 1-0

[Event "Team 45 45 League T32"]
[Site "Internet Chess Club"]
[Date "2007.02.11"]
[Round "4"]
[White "Prop"]
[Black "WCB"]
[Result "1-0"]
[WhiteElo "1189"]
[BlackElo "1065"]
[ECO "B00"]
[TimeControl "2700+45"]

1. e4 Nc6 2. Nf3 b6 3. Bc4 Nf6 4. Nc3 e6 5. d3 g6 6. O-O Bg7 7. Be3 O-O 8. Bg5
e5 9. d4 Na5 10. Qd3 Nxc4 11. Qxc4 c6 12. dxe5 h6 13. exf6 hxg5 14. fxg7 Kxg7
15. Qd4+ f6 16. Rfe1 Kg8 17. e5 g4 18. Qxg4 Qe8 19. exf6 Qf7 20. Ne4 d6 21. Qh4
Bf5 22. Nfg5 Qb7 23. Nxd6 Qd7 24. Re7 Qxd6 25. Qh7# {Black checkmated} 1-0

[Event "Team 45 45 League T32"]
[Site "Internet Chess Club"]
[Date "2007.02.10"]
[Round "4"]
[White "chessateer"]
[Black "andrew28"]
[Result "1/2-1/2"]
[WhiteElo "1895"]
[BlackElo "1922"]
[ECO "C02"]
[TimeControl "2700+45"]

1. e4 e6 2. d4 d5 3. e5 c5 4. c3 Nc6 5. Nf3 Bd7 6. Be2 Nge7 7. O-O cxd4 8. cxd4
Qb6 9. Nc3 Nf5 10. Na4 Qd8 11. g4 Nh4 12. Kh1 Nxf3 13. Bxf3 Qh4 14. Bf4 Rc8 15.
Rc1 h5 16. Bg3 Qd8 17. gxh5 b5 18. Nc5 Bxc5 19. dxc5 a5 20. Qd2 a4 21. Be2 Na5
22. f4 Nc4 23. Qb4 Bc6 24. Bf3 Ne3 25. Rf2 Nf5 26. Kg1 Nh4 27. Bh1 Rxh5 28. Rd2
Nf5 29. Bf3 Rh6 30. Re1 Rg6 31. Be4 Qh4 32. Bxf5 exf5 33. Re3 Qh3 34. Qd4 Kd7
35. Qd3 Rh8 36. Qf1 Qh6 37. Qd3 Qh5 38. Qe2 Qh3 39. Qf1 Qh6 40. Qd3 Ke6 41. Rf2
Rd8 42. Qd4 Rg4 43. Qd2 Qh3 44. Qa5 Qh4 45. Qc7 Ba8 46. Kf1 Qe7 47. Qb6+ Kd7 48.
Qxb5+ Bc6 49. Qb6 Qe6 50. b4 d4 51. Rd3 Qc4 52. Rd2 Be4 53. c6+ Ke8 54. Ke2
Bxd3+ 55. Rxd3 Qc2+ 56. Rd2 Qe4+ 57. Kd1 Rg6 58. b5 Qb1+ 59. Ke2 Qe4+ 60. Kd1
Qb1+ 61. Ke2 Qe4+ 62. Kd1 {Game drawn by repetition} 1/2-1/2